3AA
ATLANTIC CITY SONICS @ FT. POLK SOUTH THUNDER HAWKS
08/29/2023
 
TOP OF THE 1ST
Atlantic City Sonics batting - Pitching for Ft. Polk South Thunder Hawks : RHP Jim Unknown
Pitching: RHP Jim Unknown
Batting: LHB Tony Vega 0-0: Called Strike
0-1: Ball
1-1: Ball
2-1: Ground out 6-3 (Groundball, 6M)
Batting: RHB Luis Garza 0-0: Ground out 6-3 (Groundball, 6M)
Batting: RHB Lance Davis 0-0: Called Strike
0-1: Foul Ball, location: 2F
0-2: Ball
1-2: SINGLE (Line Drive, 5)
Batting: RHB Jim Scott 0-0: Called Strike
0-1: Ball
1-1: Ball
2-1: Ground out 2-3 (Groundball, 25)
Top of the 1st over - 0 run(s), 1 hit(s), 0 error(s), 1 left on base; Atlantic City 0 - Ft. Polk South 0
BOTTOM OF THE 1ST
Ft. Polk South Thunder Hawks batting - Pitching for Atlantic City Sonics : LHP Sammy Nash
Pitching: LHP Sammy Nash
Batting: SHB Jorge Barrios 0-0: Called Strike
0-1: Ground out 6-3 (Groundball, 6)
Batting: RHB Rodrigo Lugo 0-0: Called Strike
0-1: Fly out, F6 (Popup, 56D)
Batting: RHB Darrell Goldstein 0-0: Fly out, F9 (Flyball, 9M)
Bottom of the 1st over - 0 run(s), 0 hit(s), 0 error(s), 0 left on base; Atlantic City 0 - Ft. Polk South 0
TOP OF THE 2ND
Atlantic City Sonics batting - Pitching for Ft. Polk South Thunder Hawks : RHP Jim Unknown
Batting: SHB Alonso Solís 0-0: Called Strike
0-1: Foul Ball, location: 2F
0-2: Ground out 6-3 (Groundball, 6)
Batting: RHB Henrique Shearman 0-0: Foul Ball, location: 2F
0-1: Fly out, F4 (Popup, 4)
Batting: RHB Edgar Stephenson 0-0: Called Strike
0-1: SINGLE (Groundball, 5L)
Batting: LHB Kip Burks 0-0: Foul Ball, location: 2F
0-1: Ball
1-1: Called Strike
1-2: Foul Ball, location: 2F
1-2: Strikes out swinging
Top of the 2nd over - 0 run(s), 1 hit(s), 0 error(s), 1 left on base; Atlantic City 0 - Ft. Polk South 0
BOTTOM OF THE 2ND
Ft. Polk South Thunder Hawks batting - Pitching for Atlantic City Sonics : LHP Sammy Nash
Batting: RHB Thomas Vaughan 0-0: Ground out 4-3 (Groundball, 4M)
Batting: RHB Juan García 0-0: Ball
1-0: SINGLE (Line Drive, 34D)
Batting: SHB Francisco Reyes 0-0: Called Strike
0-1: Ball
1-1: Ground out 6-3 (Groundball, 6S)
Juan García to second
Batting: RHB Tommy Stanley 0-0: Called Strike
0-1: Ball
1-1: Ball
2-1: Foul Ball, location: 2F
2-2: SINGLE (Groundball, 56D)
Juan García to third
Runner from 3rd tries for Home, SAFE, no throw or cutoff
Batting: RHB Robbie Chambers 0-0: Ball
1-0: Swinging Strike
1-1: Ball
2-1: Ball
3-1: Fly out, F6 (Line Drive, 6D)
Bottom of the 2nd over - 1 run(s), 2 hit(s), 0 error(s), 1 left on base; Atlantic City 0 - Ft. Polk South 1
TOP OF THE 3RD
Atlantic City Sonics batting - Pitching for Ft. Polk South Thunder Hawks : RHP Jim Unknown
Batting: RHB Ralph Turner 0-0: Called Strike
0-1: Foul Ball, location: 2F
0-2: Fly out, F9 (Flyball, 89D)
Batting: LHB Tony Vega 0-0: Foul Ball, location: 2F
0-1: Ball
1-1: Foul Ball, location: 2F
1-2: Foul Ball, location: 2F
1-2: Ball
2-2: Foul Ball, location: 2F
2-2: Ball
3-2: Base on Balls
Batting: RHB Luis Garza 0-0: Ball
1-0: Called Strike
1-1: Swinging Strike
1-2: Ball
2-2: Ball
3-2: Strikes out looking
Batting: RHB Lance Davis 0-0: Called Strike
0-1: Ball
1-1: Ball
2-1: Fly out, F7 (Flyball, 78S)
Top of the 3rd over - 0 run(s), 0 hit(s), 0 error(s), 1 left on base; Atlantic City 0 - Ft. Polk South 1
BOTTOM OF THE 3RD
Ft. Polk South Thunder Hawks batting - Pitching for Atlantic City Sonics : LHP Sammy Nash
Batting: RHB Mal Green 0-0: Ball
1-0: Swinging Strike
1-1: Ground out 3-1 (Groundball, 34S)
Batting: SHB Jorge Barrios 0-0: Ball
1-0: Ball
2-0: Called Strike
2-1: Foul Ball, location: 2F
2-2: DOUBLE (Line Drive, 89S)
Batting: RHB Rodrigo Lugo 0-0: Ball
1-0: Fly out, F7 (Flyball, 7D)
Runner from 2nd tags up, SAFE at 3rd, no throw
Batting: RHB Darrell Goldstein 0-0: Called Strike
0-1: DOUBLE (Flyball, 9LM)
Jorge Barrios scores
Batting: RHB Thomas Vaughan 0-0: Ball
1-0: Ball
2-0: Ball
3-0: Base on Balls
Batting: RHB Juan García 0-0: Swinging Strike
0-1: Swinging Strike
0-2: Ball
1-2: SINGLE (Line Drive, 56D)
Darrell Goldstein to third
Thomas Vaughan to second
Runner from 3rd tries for Home, SAFE, no throw or cutoff
Batting: SHB Francisco Reyes 0-0: Foul Ball, location: 2F
0-1: DOUBLE (Line Drive, 78M)
Thomas Vaughan scores
Juan García to third
Runner from 3rd tries for Home, SAFE, no throw or cutoff
Batting: RHB Tommy Stanley 0-0: Ball
1-0: Ball
2-0: Foul Ball, location: 2F
2-1: TRIPLE (Line Drive, 89D)
Francisco Reyes scores
Batting: RHB Robbie Chambers 0-0: Called Strike
0-1: Ground out 5-3 (Groundball, 56)
Bottom of the 3rd over - 5 run(s), 5 hit(s), 0 error(s), 1 left on base; Atlantic City 0 - Ft. Polk South 6
TOP OF THE 4TH
Atlantic City Sonics batting - Pitching for Ft. Polk South Thunder Hawks : RHP Jim Unknown
Batting: RHB Jim Scott 0-0: Ball
1-0: Called Strike
1-1: Swinging Strike
1-2: Ground out 6-3 (Groundball, 6)
Batting: SHB Alonso Solís 0-0: Ball
1-0: Fly out, F8 (Flyball, 8RM)
Batting: RHB Henrique Shearman 0-0: Called Strike
0-1: Foul Ball, location: 2F
0-2: Ball
1-2: Hit by Pitch
Batting: RHB Edgar Stephenson 0-0: Ball
1-0: Swinging Strike
1-1: Fly out, F4 (Popup, 34)
Top of the 4th over - 0 run(s), 0 hit(s), 0 error(s), 1 left on base; Atlantic City 0 - Ft. Polk South 6
BOTTOM OF THE 4TH
Ft. Polk South Thunder Hawks batting - Pitching for Atlantic City Sonics : LHP Sammy Nash
Batting: RHB Mal Green 0-0: Ball
1-0: Ball
2-0: Ball
3-0: Called Strike
3-1: Base on Balls
Pitching: LHP Steve Pérez
Batting: SHB Jorge Barrios 0-0: Ball
1-0: Ball
2-0: Called Strike
2-1: Fly out, F6 (Line Drive, 56)
Batting: RHB Rodrigo Lugo 0-0: Foul Ball, location: 2F
0-1: Swinging Strike
0-2: Foul Ball, location: 2F
0-2: Foul Ball, location: 2F
0-2: Ball
1-2: Strikes out swinging
Batting: RHB Darrell Goldstein 0-0: Ball
1-0: Ball
2-0: DOUBLE (Popup, 3L)
Mal Green to third
Batting: RHB Thomas Vaughan 0-0: Foul Ball, location: 2F
0-1: Ball
1-1: Ball
2-1: Ball
3-1: Base on Balls
Batting: RHB Juan García 0-0: Called Strike
0-1: Ball
1-1: Foul Ball, location: 2F
1-2: Ball
2-2: Foul Ball, location: 2F
2-2: Foul Ball, location: 2F
2-2: Ball
3-2: SINGLE (Flyball, 8RS)
Mal Green scores
Darrell Goldstein to third
Thomas Vaughan to second
Darrell Goldstein scores
Thomas Vaughan to third
Batting: SHB Francisco Reyes 0-0: Called Strike
0-1: Ball
1-1: SINGLE (Line Drive, 78S)
Thomas Vaughan scores
Juan García to second
Batting: RHB Tommy Stanley 0-0: Called Strike
0-1: Ball
1-1: Foul Ball, location: 2F
1-2: Foul Ball, location: 2F
1-2: Fly out, F9 (Flyball, 9LMF)
Bottom of the 4th over - 3 run(s), 3 hit(s), 0 error(s), 2 left on base; Atlantic City 0 - Ft. Polk South 9
TOP OF THE 5TH
Atlantic City Sonics batting - Pitching for Ft. Polk South Thunder Hawks : RHP Jim Unknown
Batting: LHB Kip Burks 0-0: SINGLE (Line Drive, 4MD)
Batting: RHB Ralph Turner 0-0: Called Strike
0-1: Fly out, F6 (Popup, 6M)
Batting: LHB Tony Vega 0-0: Called Strike
0-1: Ball
1-1: Ball
Wild Pitch!
Kip Burks to second
2-1: Ball
3-1: Fly out, F3 (Line Drive, 3S)
Batting: RHB Luis Garza 0-0: Ball
1-0: Called Strike
1-1: Foul Ball, location: 2F
1-2: Ground out 5-3 (Groundball, 5L)
Top of the 5th over - 0 run(s), 1 hit(s), 0 error(s), 1 left on base; Atlantic City 0 - Ft. Polk South 9
BOTTOM OF THE 5TH
Ft. Polk South Thunder Hawks batting - Pitching for Atlantic City Sonics : LHP Steve Pérez
Batting: RHB Robbie Chambers 0-0: Ball
1-0: Ground out 6-3 (Groundball, 6)
Batting: RHB Mal Green 0-0: Foul Ball, location: 2F
0-1: Ball
1-1: Called Strike
1-2: Strikes out swinging
Batting: SHB Jorge Barrios 0-0: Ball
1-0: SINGLE (Line Drive, 6)
Batting: RHB Rodrigo Lugo 0-0: 2-RUN HOME RUN (Flyball, 7D), Distance : 369 ft
Batting: RHB Darrell Goldstein 0-0: Called Strike
0-1: Ball
1-1: Ball
2-1: Fly out, F3 (Popup, 3L)
Bottom of the 5th over - 2 run(s), 2 hit(s), 0 error(s), 0 left on base; Atlantic City 0 - Ft. Polk South 11
TOP OF THE 6TH
Atlantic City Sonics batting - Pitching for Ft. Polk South Thunder Hawks : RHP Jim Unknown
Batting: RHB Lance Davis 0-0: Called Strike
0-1: SINGLE (Groundball, 56D)
Batting: RHB Jim Scott 0-0: Called Strike
0-1: Ball
1-1: Swinging Strike
1-2: Ball
2-2: Foul Ball, location: 2F
2-2: Strikes out swinging
Batting: SHB Alonso Solís 0-0: Called Strike
0-1: Foul Ball, location: 2F
0-2: Strikes out swinging
Batting: RHB Henrique Shearman 0-0: Ball
1-0: Ball
2-0: Ground out 5-3 (Groundball, 5L)
Top of the 6th over - 0 run(s), 1 hit(s), 0 error(s), 1 left on base; Atlantic City 0 - Ft. Polk South 11
BOTTOM OF THE 6TH
Ft. Polk South Thunder Hawks batting - Pitching for Atlantic City Sonics : LHP Steve Pérez
Pitching: RHP Bob Manning
Batting: RHB Thomas Vaughan 0-0: Called Strike
0-1: SOLO HOME RUN (Flyball, 7D), Distance : 371 ft
Batting: RHB Juan García 0-0: Ball
1-0: Ball
2-0: Called Strike
2-1: Ball
3-1: Ground out 6-3 (Groundball, 6M)
Batting: SHB Francisco Reyes 0-0: SINGLE (Groundball, 34D)
Batting: RHB Tommy Stanley 0-0: Ball
1-0: Foul Ball, location: 2F
1-1: Ball
2-1: Foul Ball, location: 2F
2-2: Ball
3-2: Strikes out swinging
Batting: RHB Robbie Chambers 0-0: Ball
1-0: Called Strike
1-1: Ball
2-1: Foul Ball, location: 2F
2-2: Foul Ball, location: 2F
2-2: Ground out 1-3 (Groundball, 25)
Bottom of the 6th over - 1 run(s), 2 hit(s), 0 error(s), 1 left on base; Atlantic City 0 - Ft. Polk South 12
TOP OF THE 7TH
Atlantic City Sonics batting - Pitching for Ft. Polk South Thunder Hawks : RHP Jim Unknown
Batting: RHB Edgar Stephenson 0-0: Ball
1-0: Ball
2-0: Ball
3-0: Base on Balls
Batting: LHB Kip Burks 0-0: Ball
1-0: Ball
Wild Pitch!
Edgar Stephenson to second
2-0: Called Strike
2-1: Foul Ball, location: 2F
2-2: Ball
3-2: DOUBLE (Groundball, 3L)
Edgar Stephenson scores
Batting: RHB Ralph Turner 0-0: Ball
1-0: Ball
2-0: Ball
3-0: Called Strike
3-1: SINGLE (Groundball, 6M)
Kip Burks to third
Runner from 3rd tries for Home, throw and OUT!
Pitching: RHP Jim Unknown
Pinch Hitting: LHB Jim Unknown 0-0: Ball
1-0: Called Strike
1-1: Fly out, F6 (Popup, 56)
Batting: RHB Luis Garza 0-0: Called Strike
0-1: Ball
1-1: Ball
2-1: Ball
3-1: Called Strike
3-2: Foul Ball, location: 2F
3-2: Foul Ball, location: 2F
3-2: Foul Ball, location: 2F
3-2: 2-RUN HOME RUN (Flyball, 8RXD), Distance : 422 ft
Batting: RHB Lance Davis 0-0: Ball
1-0: Foul Ball, location: 2F
1-1: SINGLE (Groundball, 6MD)
Batting: RHB Jim Scott 0-0: Ball
1-0: Fielders Choice at 2nd, 5-4 (Groundball, 56)
Top of the 7th over - 3 run(s), 4 hit(s), 0 error(s), 0 left on base; Atlantic City 3 - Ft. Polk South 12
BOTTOM OF THE 7TH
Ft. Polk South Thunder Hawks batting - Pitching for Atlantic City Sonics : RHP Bob Manning
Now in CF: Jim Unknown
Batting: RHB Mal Green 0-0: Called Strike
0-1: Ground out 6-3 (Groundball, 56)
Batting: SHB Jorge Barrios 0-0: Foul Ball, location: 2F
0-1: Ball
1-1: Swinging Strike
1-2: Ball
2-2: Hit by Pitch
Batting: RHB Rodrigo Lugo 0-0: Ball
1-0: Ball
Throwing error on steal attempt, E2
Jorge Barrios to third
2-0: Called Strike
2-1: Ground out 6-3 (Groundball, 6)
Jorge Barrios scores
Batting: RHB Darrell Goldstein 0-0: Called Strike
0-1: Swinging Strike
0-2: Ball
1-2: Ball
2-2: Ball
3-2: Ground out 1-3 (Groundball, 13)
Bottom of the 7th over - 1 run(s), 0 hit(s), 1 error(s), 0 left on base; Atlantic City 3 - Ft. Polk South 13
TOP OF THE 8TH
Atlantic City Sonics batting - Pitching for Ft. Polk South Thunder Hawks : RHP Jim Unknown
Batting: SHB Alonso Solís 0-0: Swinging Strike
0-1: Fly out, F8 (Flyball, 8LD)
Batting: RHB Henrique Shearman 0-0: Ball
1-0: Foul Ball, location: 2F
1-1: Ground out 6-3 (Groundball, 4M)
Batting: RHB Edgar Stephenson 0-0: Ball
1-0: Swinging Strike
1-1: Ball
2-1: Foul Ball, location: 2F
2-2: Strikes out swinging
Top of the 8th over - 0 run(s), 0 hit(s), 0 error(s), 0 left on base; Atlantic City 3 - Ft. Polk South 13
BOTTOM OF THE 8TH
Ft. Polk South Thunder Hawks batting - Pitching for Atlantic City Sonics : RHP Bob Manning
Batting: RHB Thomas Vaughan 0-0: Called Strike
0-1: Ball
1-1: Ball
2-1: Foul Ball, location: 2F
2-2: Ground out 5-3 (Groundball, 5)
Batting: RHB Juan García 0-0: Called Strike
0-1: Fly out, F8 (Flyball, 8LM)
Pinch Hitting: RHB Jack Peck 0-0: Ball
1-0: Swinging Strike
1-1: Swinging Strike
1-2: Foul Ball, location: 2F
1-2: Ball
2-2: Foul Ball, location: 2F
2-2: Ball
3-2: Base on Balls
Batting: RHB Tommy Stanley 0-0: Ball
Jack Peck steals 2nd base
1-0: Swinging Strike
1-1: Ball
2-1: Foul Ball, location: 2F
2-2: Ball
3-2: Ground out 6-3 (Groundball, 6)
Bottom of the 8th over - 0 run(s), 0 hit(s), 0 error(s), 1 left on base; Atlantic City 3 - Ft. Polk South 13
TOP OF THE 9TH
Atlantic City Sonics batting - Pitching for Ft. Polk South Thunder Hawks : RHP Jim Unknown
Now at C: Ted Hansen
Now at 2B: Jack Peck
Batting: LHB Kip Burks 0-0: Ball
1-0: Swinging Strike
1-1: Ball
2-1: Fly out, F9 (Flyball, 9LM)
Batting: RHB Ralph Turner 0-0: Ball
1-0: Called Strike
1-1: Ball
2-1: Ball
3-1: Called Strike
3-2: Foul Ball, location: 2F
3-2: Foul Ball, location: 2F
Single, Error in OF, E7, batter to second base
Batting: LHB Jim Unknown 0-0: Called Strike
0-1: Ball
1-1: Ball
2-1: Swinging Strike
2-2: Ground out 4-3 (Groundball, 4)
Ralph Turner to third
Batting: RHB Luis Garza 0-0: Ball
1-0: Called Strike
1-1: SINGLE (Line Drive, 6M)
Ralph Turner scores
Batting: RHB Lance Davis 0-0: Fly out, F6 (Popup, 6MD)
Top of the 9th over - 1 run(s), 2 hit(s), 1 error(s), 1 left on base; Atlantic City 4 - Ft. Polk South 13
This league is powered by Out of the Park Baseball, the baseball management simulation game for PC, Mac and Linux
Friday, July 8th, 2016 - OOTP Baseball 16.9 Build 39